 Dungeon Crawl Stone Soup version 0.25-a0-774-g40ae2d4f90 (webtiles) character file.

Game seed: 15423313337367603184, levelgen mode: deterministic

10350 Conn the Spear-Bearer (level 11, -3/77 HPs)
             Began as an Octopode Wizard on Apr 13, 2020.
             Was a Priest of Sif Muna.
             Killed from afar by an acid dragon (14 damage)
             ... with a splash of acid
             ... on level 12 of the Dungeon on Apr 14, 2020.
             The game lasted 01:12:48 (14538 turns).

Conn the Spear-Bearer (Octopode Wizard)            Turns: 14538, Time: 01:12:49

Health: -3/77      AC:  1    Str: 11    XL:     11   Next: 60%
Magic:  15/22      EV: 15    Int: 20    God:    Sif Muna [***...]
Gold:   659        SH:  0    Dex: 10    Spells: 14/25 levels left

rFire    . . .     SeeInvis .   x - +8 halberd "Pojihelopn" {drain, +Blink}
rCold    . . .     Gourm    .   (shield currently unavailable)
rNeg     . . .     Faith    .   g - +0 hat
rPois    .         Spirit   .   (no amulet)
rElec    .         Reflect  .   (no ring)
rCorr    .         Harm     .   (no ring)
MR       .....                  (no ring)
Stlth    ++++......             (no ring)
HPRegen  0.22/turn              (no ring)
MPRegen  0.18/turn              (no ring)
                                (no ring)
                                (no ring)

@: no status effects
A: almost no armour, stealthy swim, amphibious, 8 rings, constrict 8, camouflage
1, gelatinous body 1
a: Channel Magic, Forget Spell, Renounce Religion, Evoke Blink


You were on level 12 of the Dungeon.
You worshipped Sif Muna.
Sif Muna was most pleased with you.
You were not hungry.

You visited 2 branches of the dungeon, and saw 12 of its levels.

You collected 659 gold pieces.

Inventory:

Hand Weapons
 a - a +0 dagger
 b - a +1 trident of venom
 j - a +2 halberd of flaming
 x - the +8 halberd "Pojihelopn" (weapon) {drain, +Blink}
   (You found it on level 7 of the Dungeon)

   A truly terrible weapon, it drains the life of those it strikes.
   It lets you blink.
 A - a +2 dagger of pain
 G - a +2 dagger of flaming
Missiles
 q - 44 sling bullets
 t - 8 boomerangs
 z - 2 boomerangs of dispersal (quivered)
 F - 4 throwing nets
Armour
 g - a +0 hat (worn)
Wands
 w - a wand of flame (14)
 I - a wand of acid (1)
Scrolls
 d - 10 scrolls of identify
 e - 2 scrolls of random uselessness {unknown}
 f - a scroll of fear {unknown}
 i - 2 scrolls of fog {unknown}
 l - a scroll of enchant armour {unknown}
 m - 7 scrolls of remove curse
 n - 2 scrolls of enchant weapon {unknown}
 o - 2 scrolls of blinking {unknown}
 r - a scroll of teleportation
 y - a scroll of noise {unknown}
 B - a scroll of brand weapon {unknown}
 C - a scroll of amnesia {unknown}
Potions
 k - a potion of curing
 p - 3 potions of cancellation {unknown}
 s - a potion of haste {unknown}
 u - a potion of might {unknown}
 v - a potion of degeneration {unknown}
 D - a potion of flight {unknown}
Comestibles
 c - 13 rations
 h - 4 chunks of flesh


   Skills:
 * Level 7.9 Fighting
 + Level 2.7 Short Blades
 + Level 9.3 Polearms
 + Level 5.3 Dodging
 - Level 5.2 Stealth
 + Level 7.6 Spellcasting
 + Level 4.1 Conjurations
 + Level 3.3 Summonings
 + Level 2.6 Translocations
 + Level 3.1 Air Magic
 + Level 4.3 Poison Magic
 * Level 2.9 Invocations
 + Level 0.9 Evocations


You had 14 spell levels left.
You knew the following spells:

 Your Spells              Type           Power        Failure   Level  Hunger
a - Magic Dart            Conj           ###.         1%          1    None
b - Blink                 Tloc           N/A          4%          2    None
c - Call Imp              Summ           ###.....     3%          2    None
d - Conjure Flame         Conj/Fire      ###.....     12%         3    None
e - Mephitic Cloud        Conj/Pois/Air  ###.....     5%          3    None

Your spell library contained the following spells:

 Spells                   Type           Power        Failure   Level  Hunger
 Slow                     Hex            #.......     14%         2    None


Dungeon Overview and Level Annotations

Branches:
Dungeon (10/15)            Temple (1/1) D:6            Lair (0/6) D:9
    Orc: D:9-12

Altars:
Ashenzari
Cheibriados
Elyvilon
Fedhas
Gozag
Hepliaklqana
Kikubaaqudgha
Makhleb
Nemelex Xobeh
Qazlal
Ru
Sif Muna
Uskayaw
Vehumet
Wu Jian
Xom
Yredelemnul
The Shining One

Annotations:
D:4 2 transporters


Innate Abilities, Weirdness & Mutations

You cannot wear most types of armour.
You are very stealthy in the water. (Stealth+)
You are amphibious.
You can wear up to eight rings at the same time.
You can use your tentacles to constrict eight enemies at once.
Your skin changes colour to match your surroundings (Stealth+).
Your rubbery body absorbs attacks. (AC +1, EV +1)


Message History

Okay, then.
Casting: Magic Dart (safe; 1% risk of failure)
Confirm with . or Enter, or press ? or * to list all spells.
Okay, then.
Unknown command.
Unknown command.
Attack whom?
Press: ? - help, Dir - move target cursor, f - acid dragon
Aim: an acid dragon (almost dead, catching its breath)
You closely miss the acid dragon. Your squeeze misses the acid dragon.
The acid dragon is almost dead.
The acid dragon closely misses you. The acid dragon misses you.
Attack whom?
Press: ? - help, Dir - move target cursor, f/p - acid dragon
Aim: an acid dragon (almost dead)
You barely miss the acid dragon.
The acid dragon is almost dead.
The acid dragon spits acid at you. The splash of acid hits you!
You die...

###'#######
♣P≈P♣
#...).....#
♣P≈P♣
#.........#
♣♣.♣♣
#.....)...# ...
#..)......# .#
#......)..##.#
#...).....#..#
#.........#D#
#.'.........@.#
###.........###
########+##


You could see an acid dragon.

Vanquished Creatures
  Harold (D:8)
  3 two-headed ogres
  Prince Ribbit (D:7)
  A wraith (D:12)
  2 basilisks (D:9)
  10 yaks
  A swamp drake (D:9)
  10 ice beasts
  3 sky beasts
  2 black bears (D:9)
  7 orc warriors
  5 centaurs
  2 ogres
  A phantom (D:7)
  An eye of draining (D:9)
  4 crocodiles
  6 bullfrogs
  3 scorpions
  A water moccasin skeleton (D:8)
  5 killer bees
  A howler monkey (D:8)
  2 electric eels
  2 crimson imps
  A bullfrog zombie (D:6)
  7 hounds
  A jelly (D:8)
  A gnoll shaman (D:9)
  4 orc priests
  A bullfrog skeleton (D:9)
  An iguana (D:7)
  Ijyb (D:3)
  Jessica (D:2)
  9 worker ants
  14 orc wizards
  A howler monkey zombie (D:5)
  6 gnolls
  5 adders
  2 shadow imps
  2 oozes
  A worm (D:2)
  A dart slug (D:2)
  3 leopard geckos
  47 orcs
  2 bats
  5 giant cockroaches
  11 goblins
  5 hobgoblins
  11 jackals
  6 quokkas
  2 frilled lizards
  5 kobolds
  A leopard gecko skeleton (D:5)
  A leopard gecko zombie (D:7)
  A quokka skeleton (D:5)
  6 rats
239 creatures vanquished.

Vanquished Creatures (collateral kills)
  A troll (D:10)
  A wyvern zombie (D:6)
  2 howler monkeys
  A jelly (D:5)
  An orc wizard (D:12)
  3 worker ants
  A gnoll (D:7)
  3 adders
  An ooze (D:5)
  2 worms
  8 orcs
  A goblin (D:3)
  A hobgoblin (D:2)
  A jackal (D:3)
27 creatures vanquished.

Vanquished Creatures (others)
  A human (D:2)
  10 plants (D:12)
11 creatures vanquished.

Grand Total: 277 creatures vanquished

Notes
Turn   | Place    | Note
-------+----------+-------------------------------------------
     0 | D:1      | Conn the Octopode Wizard began the quest for the Orb.
     0 | D:1      | Reached XP level 1. HP: 11/11 MP: 4/4
    23 | D:1      | Reached XP level 2. HP: 17/17 MP: 0/6
   112 | D:1      | Learned a level 2 spell: Blink
   115 | D:1      | Learned a level 2 spell: Call Imp
   974 | D:2      | Reached XP level 3. HP: 13/21 MP: 6/8
  1681 | D:2      | Noticed Jessica
  1691 | D:2      | Killed Jessica
  1723 | D:2      | Reached XP level 4. HP: 27/27 MP: 10/10
  1854 | D:2      | Found an ancient bone altar of Kikubaaqudgha.
  1854 | D:2      | Noticed a human
  1858 | D:2      | Killed a human
  2436 | D:3      | Found a faded altar of an unknown god.
  2532 | D:3      | Noticed Ijyb
  2567 | D:3      | Killed Ijyb
  2761 | D:3      | Learned a level 3 spell: Conjure Flame
  2765 | D:3      | Learned a level 3 spell: Mephitic Cloud
  2872 | D:3      | Reached XP level 5. HP: 23/31 MP: 11/11
  2971 | D:3      | Found a white marble altar of Elyvilon.
  3446 | D:4      | Found a transporter.
  3446 | D:4      | Noticed a phantom
  3508 | D:4      | Noticed an ogre
  3509 | D:4      | Found a sparkling altar of Nemelex Xobeh.
  3510 | D:4      | Noticed an ice beast
  3511 | D:4      | Found a sacrificial altar of Ru.
  3531 | D:4      | Killed an ogre
  3531 | D:4      | Reached skill level 1 in Fighting
  3531 | D:4      | Reached skill level 1 in Short Blades
  3671 | D:4      | Reached XP level 6. HP: 36/38 MP: 12/12
  3704 | D:4      | Reached skill level 1 in Poison Magic
  3926 | D:4      | Found a transporter.
  4355 | D:5      | Entered Level 5 of the Dungeon
  4411 | D:5      | Reached skill level 5 in Stealth
  4483 | D:3      | Reached XP level 7. HP: 28/44 MP: 11/13
  5202 | D:5      | Reached skill level 5 in Spellcasting
  5585 | D:6      | Reached XP level 8. HP: 18/50 MP: 7/16
  6368 | D:6      | Reached skill level 1 in Air Magic
  7039 | D:6      | Reached skill level 1 in Polearms
  7468 | D:6      | Reached skill level 2 in Polearms
  7501 | D:6      | Found a glowing golden altar of the Shining One.
  7639 | D:6      | Found a shimmering altar of Xom.
  7817 | D:6      | Found a snail-covered altar of Cheibriados.
  7991 | D:6      | Found a staircase to the Ecumenical Temple.
  8000 | Temple   | Entered the Ecumenical Temple
  8153 | Temple   | Became a worshipper of Sif Muna the Loreminder
  8307 | D:7      | Got an iridescent halberd
  8308 | D:7      | Identified the +8 halberd "Pojihelopn" {drain, +Blink} (You
                  | found it on level 7 of the Dungeon)
  8334 | D:7      | Noticed Prince Ribbit
  8344 | D:7      | Killed Prince Ribbit
  8344 | D:7      | Reached skill level 3 in Polearms
  8344 | D:7      | Reached XP level 9. HP: 29/58 MP: 18/18
  8763 | D:7      | Reached skill level 4 in Polearms
  9040 | D:7      | Found a snail-covered altar of Cheibriados.
  9330 | D:8      | Reached skill level 5 in Polearms
  9385 | D:8      | Reached * piety under Sif Muna
  9701 | D:8      | Reached skill level 5 in Fighting
  9705 | D:8      | Noticed Harold
  9720 | D:8      | Killed Harold
  9720 | D:8      | Reached skill level 6 in Polearms
  9720 | D:8      | Reached XP level 10. HP: 58/68 MP: 12/19
 10018 | D:8      | Noticed a two-headed ogre
 10039 | D:8      | Killed a two-headed ogre
 10039 | D:8      | Reached skill level 7 in Polearms
 10039 | D:8      | Reached skill level 5 in Dodging
 10926 | D:9      | Found a stormy altar of Qazlal.
 10947 | D:9      | Reached ** piety under Sif Muna
 11022 | D:9      | Reached skill level 8 in Polearms
 11713 | D:9      | Reached XP level 11. HP: 48/74 MP: 19/21
 11846 | D:9      | Noticed a two-headed ogre
 11856 | D:9      | Killed a two-headed ogre
 11856 | D:9      | Reached skill level 1 in Invocations
 12019 | D:9      | Noticed a two-headed ogre
 12034 | D:9      | Killed a two-headed ogre
 12301 | D:9      | Reached skill level 9 in Polearms
 12492 | D:9      | Found a basalt altar of Yredelemnul.
 12938 | D:9      | Found a staircase to the Lair.
 13100 | D:10     | Entered Level 10 of the Dungeon
 13269 | D:10     | Reached *** piety under Sif Muna
 13868 | D:10     | HP: 2/76 [orc/+2 mace of holy wrath (4)]
 14222 | D:10     | You fall into a shaft and drop 2 floors!
 14538 | D:12     | Killed from afar by an acid dragon

Levels and vault maps discovered:
D:1:      ebering_hopf_link, layout_basic, minmay_misc_feat_pillars
D:2:      layout_basic, glass_columns_c, tgw_kikubaaqudgha, uniq_jessica
D:3:      kennysheep_the_goblin_king, layout_basic, elyvilon_altar_5,
          chequers_ecumenical_altar_simple
D:4:      layout_cave_pools, gammafunk_temple_overflow_arena,
          kennysheep_crisscross
D:5:      layout_basic, first_ration
D:6:      layout_gridville, xom_teletrap_fun, tso_oasis_becter,
          lemuel_round_altar, temple_hall, st_stairs_11
D:7:      layout_rooms, cheibriados_altar_1, uniq_prince_ribbit1
D:8:      layout_basic, fountainhead, uniq_harold
D:9:      layout_grid_maze, lemuel_doored_altar, overflow_temple_1_default,
          erik_lair_dragon
D:10:     layout_big_octagon, hiddenorc1_lemuel, basic_altar, enter_trove_0,
          nzn_random_ring
D:12:     layout_roguey, serial_bayou, serial_bayou_pond_e,
          serial_bayou_crossing, serial_bayou_pond_c, serial_bayou_lagoon_a,
          serial_bayou_pond_c, serial_bayou_ford_a
Temple:   minmay_temple_curvy_branch

Skill      XL: |  1  2  3  4  5  6  7  8  9 10 11 |
---------------+----------------------------------+-----
Stealth        | 3 4 5 |  5.2
Spellcasting   | 4 5 6 7 |  7.6
Fighting       | 1 2 3 5 6 7 |  7.9
Short Blades   | 1 2 |  2.7
Poison Magic   | 1 2 3 4 |  4.3
Dodging        | 3 4 5 |  5.3
Summonings     | 2 3 |  3.3
Conjurations   | 2 3 4 |  4.1
Air Magic      | 1 2 3 |  3.1
Polearms       | 3 6 8 9 |  9.3
Translocations | 2 |  2.6
Invocations    | 2 |  2.9
Evocations     | |  0.9

Action                   |  1- 3 |  4- 6 |  7- 9 | 10-12 || total
-------------------------+-------+-------+-------+-------++-------
Melee: Unarmed           |    18 |       |       |       ||    18
       Tentacles         |    10 |    15 |    19 |    25 ||    69
       Dagger            |    32 |    91 |    38 |       ||   161
       Constrict         |    15 |    24 |    30 |    22 ||    91
       Trident           |       |       |    59 |       ||    59
       Halberd           |       |       |   101 |   222 ||   323
Throw: Boomerang         |       |     3 |     1 |     4 ||     8
 Cast: Magic Dart        |    39 |    30 |    28 |    21 ||   118
       Call Imp          |     8 |    11 |    15 |    11 ||    45
       Mephitic Cloud    |       |     7 |    31 |    41 ||    79
       Blink             |       |     5 |     9 |    14 ||    28
Evoke: Wand              |       |     3 |     9 |     3 ||    15
  Use: Potion            |       |     7 |     2 |     6 ||    15
       Scroll            |       |     1 |       |     4 ||     5
 Stab: Sleeping          |     2 |     8 |     9 |     7 ||    26
       Confused          |       |     3 |     7 |    14 ||    24
       Distracted        |       |       |     1 |     2 ||     3
  Eat: Chunk             |     2 |    10 |    11 |    10 ||    33
       Ration            |       |       |     2 |     2 ||     4
Armor: Skin              |     4 |    14 |     9 |    17 ||    44
Dodge: Dodged            |    20 |    92 |   144 |   129 ||   385

Table legend:
 A = Non-vault XP
 B = Vault XP
 C = Vault XP percentage of total XP
 D = Non-vault monster count
 E = Vault monster count
 F = Vault count percentage of total count
                 A         B        C        D         E       F
            +---------+---------+-------+---------+---------+-------
      Total |   12017 |    2769 |  18.7 |     230 |      36 |  13.5
            +---------+---------+-------+---------+---------+-------
        D:1 |      31 |       0 |   0.0 |      15 |       0 |   0.0
        D:2 |      38 |      22 |  36.7 |      16 |       1 |   5.9
        D:3 |      82 |      39 |  32.2 |      16 |       7 |  30.4
        D:4 |     358 |       0 |   0.0 |      14 |       0 |   0.0
        D:5 |     660 |       0 |   0.0 |      22 |       0 |   0.0
        D:6 |     780 |     240 |  23.5 |      25 |       3 |  10.7
        D:7 |    1064 |     296 |  21.8 |      19 |       1 |   5.0
        D:8 |    2355 |    1023 |  30.3 |      34 |       1 |   2.9
        D:9 |    5516 |     998 |  15.3 |      49 |      10 |  16.9
       D:10 |     700 |     151 |  17.7 |      11 |      13 |  54.2
       D:12 |     433 |       0 |   0.0 |       9 |       0 |   0.0
            +---------+---------+-------+---------+---------+-------
